 Dungeon Crawl Stone Soup version 0.19-a0-1254-gb9c29c0 (webtiles) character file.

225 4thArraOfDagon the Cudgeler (level 5, -1/61 HPs)
             Began as a Demigod Hunter on Aug 27, 2016.
             Shot with an arrow by a centaur (11 damage)
             ... on level 5 of the Dungeon.
             The game lasted 00:07:44 (1497 turns).

4thArraOfDagon the Cudgeler (Demigod Hunter)        Turns: 1497, Time: 00:07:45

Health: -1/61      AC:  5    Str: 20    XL:     5   Next: 40%
Magic:  7/7        EV: 11    Int: 17    God:
Gold:   98         SH:  0    Dex: 16    Spells: 0 memorised, 4 levels left

rFire  . . .     SeeInvis .     a - +1 hand crossbow
rCold  . . .     Gourm    .     h - +0 ring mail
rNeg   . . .     Faith    .     (no shield)
rPois  .         Spirit   .     (no helmet)
rElec  .         Dismiss  .     (no cloak)
rCorr  .         Reflect  .     (no gloves)
MR     .....     Harm     .     (no boots)
Stlth  ..........               (no amulet)
                                (no ring)
                                (no ring)

@: berserking, very quick
A: high mp 1
a: no special abilities


You were on level 5 of the Dungeon.
You were not hungry.

You visited 1 branch of the dungeon, and saw 5 of its levels.

You collected 98 gold pieces.

Inventory:

Hand Weapons
 a - a +1 hand crossbow (weapon)
 e - a +0 mace
 s - a cursed -2 flail
Missiles
 d - 53 bolts (quivered)
Armour
 h - a +0 ring mail (worn)
Scrolls
 c - a scroll of amnesia {unknown}
 i - a scroll of fear {unknown}
Potions
 g - a potion of mutation {unknown}
 k - a potion of flight {unknown}
 l - a potion of beneficial mutation
 p - a potion of cure mutation {unknown}
Comestibles
 b - a meat ration
 f - 5 bread rations
 j - 2 fruits
 n - 2 beef jerkies
 q - 3 chunks of flesh
 r - a slice of pizza


   Skills:
 - Level 2.0 Fighting
 * Level 4.6 Maces & Flails
 - Level 4.0 Crossbows
 - Level 1.7 Dodging
 - Level 0.8 Stealth


You had 4 spell levels left.
You didn't know any spells.

Dungeon Overview and Level Annotations

Branches:
Dungeon (5/15)
 Temple: D:4-7

Annotations:
D:3 Amnesiac's ghost, amateur TeWz


Innate Abilities, Weirdness & Mutations

You have an increased reservoir of magic. (+10% MP)


Message History

The centaur hits you.
* * * LOW HITPOINT WARNING * * *
The centaur hits you.
* * * LOW HITPOINT WARNING * * *
Unknown command.
Unknown command.
You feel better. The centaur hits you.
* * * LOW HITPOINT WARNING * * *
Unknown command.
Unknown command.
It was a potion of berserk rage.
A red film seems to cover your vision as you go berserk!
You feel yourself moving faster!
You feel mighty! The centaur barely misses you. x2
Unknown command.
Unknown command.
You feel a strong urge to attack something.
The centaur wields an uncursed shortbow.
The centaur shoots an arrow.
The arrow hits you!
You die...

. ######...
###........
#.@<.......
#......#...
....lSc...####
.....Z##.##
...... ..#
..... .###
..... . .... .
....


You could see a centaur, an adder and a centaur skeleton.

Vanquished Creatures
  A phantom (D:3)
  2 orc wizards (D:4)
  A centaur skeleton (D:4)
  3 worms (D:2)
  A dart slug (D:3)
  4 orcs
  2 ball pythons (D:1)
  3 bats
  A giant cockroach (D:1)
  2 goblins
  5 hobgoblins
  2 kobolds (D:2)
  2 quokkas (D:2)
  3 giant newts
  5 rats
37 creatures vanquished.

Vanquished Creatures (others)
  A giant newt (D:3)
1 creature vanquished.

Grand Total: 38 creatures vanquished

Notes
Turn   | Place    | Note
-------+----------+-------------------------------------------
     0 | D:1      | 4thArraOfDagon the Demigod Hunter began the quest for the Orb.
     0 | D:1      | Reached XP level 1. HP: 17/17 MP: 3/3
     0 | D:1      | 4thArraOfDagon: sec
     0 | D:1      | Leszczynek: no trolls anymore?
     0 | D:1      | 4thArraOfDagon: sec
     0 | D:1      | 4thArraOfDagon: on the phone
     0 | D:1      | 4thArraOfDagon: from work!
     0 | D:1      | 4thArraOfDagon: ok, it was nothing serious
   123 | D:2      | Reached XP level 2. HP: 12/24 MP: 4/4
   184 | D:3      | Found a basalt altar of Yredelemnul.
   186 | D:3      | Noticed a profane servitor
   191 | D:3      | Found a glowing golden altar of the Shining One.
   193 | D:3      | Noticed an angel
   230 | D:3      | Noticed Amnesiac's ghost (amateur TeWz)
   358 | D:1      | Found a shattered altar of Ashenzari.
   531 | D:2      | Reached skill level 1 in Maces & Flails
   587 | D:2      | Found a hazy altar of Hepliaklqana.
   899 | D:2      | Reached XP level 3. HP: 15/29 MP: 5/5
   901 | D:2      | Found a shadowy altar of Dithmenos.
  1022 | D:3      | Noticed a phantom
  1031 | D:3      | Killed a phantom
  1031 | D:3      | Reached XP level 4. HP: 31/36 MP: 6/6
  1243 | D:4      | Reached XP level 5. HP: 25/41 MP: 7/7
  1487 | D:5      | Entered Level 5 of the Dungeon
  1487 | D:5      | Noticed a centaur
  1494 | D:5      | HP: 2/41 [centaur (2)]
  1497 | D:5      | Shot with an arrow by a centaur

Vault maps used:
D:1:      minmay_arrival_diagonal_passages, st_stairs_6,
          nicolae_ashenzari_panopticon
D:2:      kennysheep_goblin_castle, lemuel_round_altar,
          nicolae_dithmenos_through_a_glass_darkly, corexii_leaking_fountain
D:3:      grunt_temple_overflow_holy_war, fedhas_altar_1
D:4:      first_bread, serial_shops, shop_fountains, minivault_27
D:5:      lemuel_doored_altar, okawaru_metal_pillars_3

Skill      XL: |  1  2  3  4 |
---------------+-------------+-----
Fighting       | 2 |  2.0
Crossbows      | 4 |  4.0
Maces & Flails | 1 3 4 |  4.6
Dodging        | |  1.7
Stealth        | |  0.8

Action                   |  1- 3 |  4- 6 || total
-------------------------+-------+-------++-------
Melee: Mace              |    48 |    11 ||    59
 Fire: Hand crossbow     |    46 |    26 ||    72
  Use: Scroll            |     3 |     2 ||     5
       Potion            |       |     3 ||     3
  Eat: Chunk             |       |     2 ||     2
Armor: Ring mail         |    36 |     8 ||    44
       Leather armour    |     2 |       ||     2
Dodge: Dodged            |    47 |    12 ||    59
